AoeStats
← Molusco

Arabia

506151325Analyzed
1v1 RM · 19d ago on Sep 12, 2026· 34m 23s· 2 players
Game mode
Random Map
Map size
Tiny (2 player)
Population
200
Speed
Normal
Resources
Standard
Victory
Conquest
Starting age
Dark Age
Ending age
Imperial Age
RankedLock teamsTeams togetherTeam positionsShared explorationLock speedFull tech treeHidden civsTurbo modeCheats
Victory
Defeat
🇦🇷 Persians · Argentina
1017
+16
🇮🇹 Wu · Italy
1026
-16
Molusco
6:59 Loom
9:33 Feudal Age
9:55 Horse Collar
10:02 Double-Bit Axe
20:10 Castle Age
18:15 Fletching
18:19 Gold Mining
19:19 Bloodlines
19:59 Scale Barding Armor
21:14 Husbandry
21:28 Bodkin Arrow
25:35 Crossbowman
28:06 Heavy Plow
32:24 Wheelbarrow
32:27 Forging
32:38 Chain Barding Armor
35:08 Iron Casting
tinostellino
8:34 Loom
10:38 Feudal Age
12:24 Double-Bit Axe
18:07 Castle Age
17:34 Forging
17:18 Fletching
20:54 Pikeman
22:05 Horse Collar
24:57 Elite Skirmisher
26:21 Bow Saw
Connection lost

Rejoining the realm…

Still unreachable

The connection could not be restored.

Session expired

The server has moved on; the page needs a fresh start.